PAA
ASHEVILLE HIGHLANDERS @ YAKIMA HOPS
06/04/2025
 
TOP OF THE 1ST
Asheville Highlanders batting - Pitching for Yakima Hops : LHP Roberto Silva
Pitching: LHP Roberto Silva
Batting: RHB Chris Oudekirk 0-0: Ball
1-0: DOUBLE (Line Drive, 9)
Batting: RHB Edén Mont 0-0: Called Strike
0-1: Ball
1-1: Called Strike
1-2: Foul Ball, location: 2F
1-2: Ball
2-2: Foul Ball, location: 2F
2-2: Ball
3-2: Foul Ball, location: 2F
3-2: Foul Ball, location: 2F
3-2: SINGLE (Flyball, 8RS)
Chris Oudekirk to third
Batting: RHB Bryce Bancroft 0-0: Ball
1-0: Ball
2-0: Swinging Strike
2-1: SINGLE (Groundball, 4MD)
Chris Oudekirk scores
Edén Mont to second
Runner from 2nd tries for 3rd, SAFE, throw made to third
Batting: RHB Corey Vaughn 0-0: Foul Ball, location: 2F
0-1: Ball
1-1: Ball
2-1: Foul Ball, location: 2F
2-2: Grounds into double play, 4-6-3 (Groundball, 4)
Edén Mont scores
Batting: RHB Víctor López 0-0: Ground out 6-3 (Groundball, 6)
Top of the 1st over - 2 run(s), 3 hit(s), 0 error(s), 0 left on base; Asheville 2 - Yakima 0
BOTTOM OF THE 1ST
Yakima Hops batting - Pitching for Asheville Highlanders : RHP Edgardo Nava
Pitching: RHP Edgardo Nava
Batting: RHB Mariano Sánchez 0-0: Foul Ball, location: 2F
0-1: Foul Ball, location: 2F
0-2: Foul Ball, location: 2F
0-2: Ball
1-2: Ball
2-2: SINGLE (Line Drive, 78M)
Batting: SHB Orlando Villa 0-0: Foul Ball, location: 2F
0-1: SINGLE (Groundball, 34) (infield hit)
Mariano Sánchez to second
Batting: RHB Jock Semple 0-0: Ball
1-0: Ball
2-0: Foul Ball, location: 2F
2-1: Foul Ball, location: 2F
2-2: Reached on error, E6 (Groundball, 6M)
Mariano Sánchez to third
Orlando Villa to second
Batting: RHB Joe Phillips 0-0: SINGLE (Groundball, 56D)
Mariano Sánchez scores
Orlando Villa to third
Jock Semple to second
Runner from 3rd tries for Home, SAFE, no throw
Batting: SHB Luis Luquín 0-0: Ball
1-0: Ball
2-0: Fly out, F8 (Flyball, 8RM)
Batting: SHB Esteban Lugo 0-0: Swinging Strike
0-1: Swinging Strike
0-2: Ball
1-2: Ball
2-2: Fly out, F7 (Flyball, 7LM)
Batting: LHB César Nieves 0-0: Ball
1-0: Ball
2-0: Ball
3-0: Base on Balls
Jock Semple to third
Joe Phillips to second
Batting: RHB Lenny Roper 0-0: Called Strike
0-1: Ball
1-1: Ball
2-1: Swinging Strike
2-2: Foul Ball, location: 2F
2-2: Fly out, F9 (Line Drive, 9)
Bottom of the 1st over - 2 run(s), 3 hit(s), 1 error(s), 3 left on base; Asheville 2 - Yakima 2
TOP OF THE 2ND
Asheville Highlanders batting - Pitching for Yakima Hops : LHP Roberto Silva
Batting: SHB Gonzalo Valentín 0-0: Called Strike
0-1: Ball
1-1: Ball
2-1: Swinging Strike
2-2: Strikes out swinging
Batting: SHB Alejandro Castillo 0-0: Ball
1-0: Swinging Strike
1-1: DOUBLE (Flyball, 89M)
Batting: RHB César Garza 0-0: Foul Ball, location: 2F
0-1: Foul Ball, location: 2F
0-2: Strikes out swinging
Batting: RHB Paco Vásquez 0-0: Called Strike
0-1: SINGLE (Flyball, 78S)
Alejandro Castillo to third
Batting: RHB Chris Oudekirk 0-0: Fly out, F7 (Flyball, 7)
Top of the 2nd over - 0 run(s), 2 hit(s), 0 error(s), 2 left on base; Asheville 2 - Yakima 2
BOTTOM OF THE 2ND
Yakima Hops batting - Pitching for Asheville Highlanders : RHP Edgardo Nava
Batting: SHB Domingo Luna 0-0: Ball
1-0: Ball
2-0: Ground out U3 (Groundball, 3)
Batting: RHB Mariano Sánchez 0-0: TRIPLE (Line Drive, 9LM)
Batting: SHB Orlando Villa 0-0: Foul Ball, location: 2F
0-1: DOUBLE (Flyball, 8RD)
Mariano Sánchez scores
Batting: RHB Jock Semple 0-0: Called Strike
0-1: Ball
1-1: SINGLE (Line Drive, 56)
Orlando Villa to third
Batting: RHB Joe Phillips 0-0: Called Strike
0-1: Ball
1-1: Ball
2-1: Foul Ball, location: 2F
2-2: Foul Ball, location: 2F
2-2: Foul Ball, location: 2F
2-2: Ball
3-2: DOUBLE (Line Drive, 8LXD)
Orlando Villa scores
Jock Semple to third
Jock Semple scores
Batting: SHB Luis Luquín 0-0: Ball
1-0: Ball
2-0: SINGLE (Flyball, 6MD)
Joe Phillips to third
Runner from 3rd tries for Home, SAFE, throw made home
Batting: SHB Esteban Lugo 0-0: Called Strike
0-1: Ball
1-1: Ball
2-1: Ball
3-1: SINGLE (Line Drive, 4MD)
Luis Luquín to second
Batting: LHB César Nieves 0-0: Grounds into double play, 4-6-3 (Groundball, 4M)
Bottom of the 2nd over - 4 run(s), 6 hit(s), 0 error(s), 1 left on base; Asheville 2 - Yakima 6
TOP OF THE 3RD
Asheville Highlanders batting - Pitching for Yakima Hops : LHP Roberto Silva
Batting: RHB Edén Mont 0-0: Ball
1-0: Swinging Strike
1-1: Fly out, F8 (Flyball, 89D)
Batting: RHB Bryce Bancroft 0-0: Called Strike
0-1: Ball
1-1: Fly out, F2 (Popup, 23)
Batting: RHB Corey Vaughn 0-0: Swinging Strike
0-1: Ball
1-1: SINGLE (Groundball, 56D)
Batting: RHB Víctor López 0-0: Ground out 6-3 (Groundball, 6S)
Top of the 3rd over - 0 run(s), 1 hit(s), 0 error(s), 1 left on base; Asheville 2 - Yakima 6
BOTTOM OF THE 3RD
Yakima Hops batting - Pitching for Asheville Highlanders : RHP Edgardo Nava
Batting: RHB Lenny Roper 0-0: Ball
1-0: SINGLE (Groundball, 6MD)
Batting: SHB Domingo Luna 0-0: Ball
1-0: Ball
2-0: Called Strike
2-1: Fielders Choice at 2nd, 5-4 (Groundball, 56)
Batting: RHB Mariano Sánchez 0-0: Ball
1-0: Foul Ball, location: 2F
1-1: Foul Ball, location: 2F
1-2: Ball
2-2: Foul Ball, location: 2F
2-2: Foul Ball, location: 2F
2-2: Ball
3-2: Fly out, F8 (Flyball, 8LS)
Batting: SHB Orlando Villa 0-0: Ball
Domingo Luna steals 2nd base
1-0: Ball
2-0: Ball
3-0: Called Strike
3-1: Fly out, F9 (Flyball, 89M)
Bottom of the 3rd over - 0 run(s), 1 hit(s), 0 error(s), 1 left on base; Asheville 2 - Yakima 6
TOP OF THE 4TH
Asheville Highlanders batting - Pitching for Yakima Hops : LHP Roberto Silva
Batting: SHB Gonzalo Valentín 0-0: Called Strike
0-1: Ball
1-1: Fly out, F8 (Flyball, 8RM)
Batting: SHB Alejandro Castillo 0-0: Ball
1-0: Fly out, F9 (Flyball, 89M)
Batting: RHB César Garza 0-0: Called Strike
0-1: Fly out, F7 (Flyball, 78M)
Top of the 4th over - 0 run(s), 0 hit(s), 0 error(s), 0 left on base; Asheville 2 - Yakima 6
BOTTOM OF THE 4TH
Yakima Hops batting - Pitching for Asheville Highlanders : RHP Edgardo Nava
Batting: RHB Jock Semple 0-0: Called Strike
0-1: Ball
1-1: SINGLE (Line Drive, 7LS)
Pitching: RHP Romano Martínez
Batting: RHB Joe Phillips 0-0: Swinging Strike
0-1: Called Strike
0-2: Ball
1-2: Ball
2-2: Strikes out swinging
Batting: SHB Luis Luquín 0-0: Ball
Throwing error on steal attempt, E2
Jock Semple to third
1-0: Ball
2-0: Called Strike
2-1: DOUBLE (Line Drive, 8LD)
Jock Semple scores
Pinch Runner at 2nd Juan García:
Batting: SHB Esteban Lugo 0-0: Ball
1-0: Foul Ball, location: 2F
1-1: Ball
2-1: Ball
3-1: Base on Balls
Batting: LHB César Nieves 0-0: Foul Ball, location: 2F
0-1: Called Strike
0-2: Ball
1-2: DOUBLE (Flyball, 9LM)
Juan García scores
Esteban Lugo to third
Runner from 3rd tries for Home, SAFE, no throw
Batting: RHB Lenny Roper 0-0: Foul Ball, location: 2F
0-1: Ground out 3-1 (Groundball, 34)
César Nieves to third
Batting: SHB Domingo Luna 0-0: Ball
1-0: Foul Ball, location: 2F
1-1: Ball
2-1: Ball
3-1: Called Strike
3-2: Strikes out swinging
Bottom of the 4th over - 3 run(s), 3 hit(s), 1 error(s), 1 left on base; Asheville 2 - Yakima 9
TOP OF THE 5TH
Asheville Highlanders batting - Pitching for Yakima Hops : LHP Roberto Silva
Now at 2B: Juan García
Batting: RHB Paco Vásquez 0-0: Called Strike
0-1: Ball
1-1: Fly out, F8 (Flyball, 89M)
Batting: RHB Chris Oudekirk 0-0: Called Strike
0-1: Ball
1-1: Ball
2-1: Ground out 5-3 (Groundball, 56)
Batting: RHB Edén Mont 0-0: Ball
1-0: Ball
2-0: Ground out U3 (Groundball, 2R)
Top of the 5th over - 0 run(s), 0 hit(s), 0 error(s), 0 left on base; Asheville 2 - Yakima 9
BOTTOM OF THE 5TH
Yakima Hops batting - Pitching for Asheville Highlanders : RHP Romano Martínez
Batting: RHB Mariano Sánchez 0-0: Ball
1-0: Swinging Strike
1-1: Ball
2-1: Ball
3-1: Base on Balls
Batting: SHB Orlando Villa 0-0: Ball
1-0: Ball
2-0: Ball
Throwing error on steal attempt, E2
Mariano Sánchez to third
3-0: Base on Balls
Batting: RHB Jock Semple 0-0: Foul Ball, location: 2F
0-1: Called Strike
0-2: Strikes out swinging
Batting: RHB Joe Phillips 0-0: Ball
1-0: Called Strike
1-1: Ball
2-1: Swinging Strike
2-2: Fly out, F8 (Flyball, 8LS)
Runner from 3rd tags up, SCORES, throw made
Batting: RHB Juan García 0-0: Called Strike
0-1: Ball
1-1: Called Strike
1-2: SINGLE (Groundball, 34D)
Orlando Villa to second
Runner from 2nd tries for 3rd, SAFE, throw made to third
Batting: SHB Esteban Lugo 0-0: Ball
1-0: Called Strike
1-1: Ball
2-1: Foul Ball, location: 2F
2-2: Strikes out swinging
Bottom of the 5th over - 1 run(s), 1 hit(s), 1 error(s), 2 left on base; Asheville 2 - Yakima 10
TOP OF THE 6TH
Asheville Highlanders batting - Pitching for Yakima Hops : LHP Roberto Silva
Batting: RHB Bryce Bancroft 0-0: Ball
1-0: Ball
2-0: SINGLE (Groundball, 6MD)
Batting: RHB Corey Vaughn 0-0: Called Strike
0-1: Ball
1-1: Ball
2-1: Called Strike
2-2: Foul Ball, location: 2F
2-2: Ball
3-2: Base on Balls
Bryce Bancroft to second
Batting: RHB Víctor López 0-0: Fly out, F7 (Flyball, 78D)
Batting: SHB Gonzalo Valentín 0-0: Called Strike
0-1: Foul Ball, location: 2F
0-2: Ball
1-2: Ball
2-2: Ball
3-2: Base on Balls
Bryce Bancroft to third
Corey Vaughn to second
Batting: SHB Alejandro Castillo 0-0: Ball
1-0: Ball
2-0: Called Strike
2-1: Foul Ball, location: 2F
2-2: Fly out, F7 (Flyball, 7LSF)
Runner from 3rd tags up, SCORES, no throw
Batting: RHB César Garza 0-0: Called Strike
0-1: Ball
1-1: Called Strike
1-2: Strikes out swinging
Top of the 6th over - 1 run(s), 1 hit(s), 0 error(s), 2 left on base; Asheville 3 - Yakima 10
BOTTOM OF THE 6TH
Yakima Hops batting - Pitching for Asheville Highlanders : RHP Romano Martínez
Batting: LHB César Nieves 0-0: Called Strike
0-1: Ground out U3 (Groundball, 3)
Batting: RHB Lenny Roper 0-0: Ball
1-0: Ball
2-0: Ball
3-0: Base on Balls
Batting: SHB Domingo Luna 0-0: Ball
1-0: SINGLE (Groundball, 34D)
Lenny Roper to second
Runner from 2nd tries for 3rd, SAFE, throw made to third
Batting: RHB Mariano Sánchez 0-0: Ball
Throwing error on steal attempt, E2
Lenny Roper scores
Domingo Luna to third
1-0: Fly out, F5 (Line Drive, 5)
Batting: SHB Orlando Villa 0-0: Called Strike
0-1: Ball
1-1: Ball
2-1: Ball
3-1: Base on Balls
Batting: RHB Jock Semple 0-0: SINGLE (Groundball, 56) (infield hit)
Domingo Luna scores
Orlando Villa to second
Pitching: RHP Brandon McAllister
Batting: RHB Joe Phillips 0-0: Ball
1-0: DOUBLE (Flyball, 9LM)
Orlando Villa scores
Jock Semple to third
Runner from 3rd tries for Home, SAFE, no throw
Batting: RHB Juan García 0-0: Called Strike
0-1: Ball
1-1: Ball
2-1: Foul Ball, location: 2F
2-2: DOUBLE (Flyball, 8RD)
Joe Phillips scores
Batting: SHB Esteban Lugo 0-0: Called Strike
0-1: Foul Ball, location: 2F
0-2: Ball
1-2: Ball
2-2: Ground out 4-3 (Groundball, 4)
Bottom of the 6th over - 5 run(s), 4 hit(s), 1 error(s), 1 left on base; Asheville 3 - Yakima 15
TOP OF THE 7TH
Asheville Highlanders batting - Pitching for Yakima Hops : LHP Roberto Silva
Batting: RHB Paco Vásquez 0-0: Swinging Strike
0-1: Called Strike
0-2: Ball
1-2: Foul Ball, location: 2F
1-2: SINGLE (Line Drive, 56D)
Batting: RHB Chris Oudekirk 0-0: Called Strike
0-1: SINGLE (Groundball, 34D)
Paco Vásquez to second
Runner from 2nd tries for 3rd, SAFE, no throw
Batting: RHB Edén Mont 0-0: Called Strike
0-1: Called Strike
0-2: Ball
1-2: Ball
2-2: Foul Ball, location: 2F
2-2: Grounds into double play, 4-6-3 (Groundball, 4M)
Paco Vásquez scores
Batting: RHB Bryce Bancroft 0-0: Ball
1-0: Called Strike
1-1: Ball
2-1: Called Strike
2-2: Ground out 5-3 (Groundball, 5S)
Top of the 7th over - 1 run(s), 2 hit(s), 0 error(s), 0 left on base; Asheville 4 - Yakima 15
BOTTOM OF THE 7TH
Yakima Hops batting - Pitching for Asheville Highlanders : RHP Brandon McAllister
Batting: LHB César Nieves 0-0: Called Strike
0-1: Swinging Strike
0-2: Ball
1-2: SINGLE (Flyball, 9LM)
Batting: RHB Lenny Roper 0-0: Ball
1-0: Ball
Passed Ball!
César Nieves to second
2-0: Fly out, F4 (Popup, 4D)
Batting: SHB Domingo Luna 0-0: Ball
1-0: Ball
2-0: Ball
3-0: Called Strike
3-1: SINGLE (Groundball, 34D)
César Nieves to third
Runner from 3rd tries for Home, throw and OUT!
Domingo Luna to second
Batting: RHB Mariano Sánchez 0-0: Ball
1-0: Ground out 1-3 (Groundball, P)
Bottom of the 7th over - 0 run(s), 2 hit(s), 0 error(s), 1 left on base; Asheville 4 - Yakima 15
TOP OF THE 8TH
Asheville Highlanders batting - Pitching for Yakima Hops : LHP Roberto Silva
Pitching: LHP Cisco Flores
Batting: RHB Corey Vaughn 0-0: Ground out 6-3 (Groundball, 6)
Batting: RHB Víctor López 0-0: Ball
1-0: Ball
2-0: Fly out, F8 (Flyball, 8RD)
Batting: SHB Gonzalo Valentín 0-0: Ball
1-0: Called Strike
1-1: Ball
2-1: Ground out 5-3 (Groundball, 56S)
Top of the 8th over - 0 run(s), 0 hit(s), 0 error(s), 0 left on base; Asheville 4 - Yakima 15
BOTTOM OF THE 8TH
Yakima Hops batting - Pitching for Asheville Highlanders : RHP Brandon McAllister
Batting: SHB Orlando Villa 0-0: Ground out U3 (Groundball, 34S)
Batting: RHB Jock Semple 0-0: Foul Ball, location: 2F
0-1: Swinging Strike
0-2: Ball
1-2: Strikes out swinging, 2-3 out at first.
Batting: RHB Joe Phillips 0-0: Called Strike
0-1: Fly out, F7 (Flyball, 7LD)
Bottom of the 8th over - 0 run(s), 0 hit(s), 0 error(s), 0 left on base; Asheville 4 - Yakima 15
TOP OF THE 9TH
Asheville Highlanders batting - Pitching for Yakima Hops : LHP Cisco Flores
Pinch Hitting: RHB Moisés Quintana 0-0: Ball
1-0: Ball
2-0: Fly out, F9 (Flyball, 89M)
Pinch Hitting: RHB Lorenzo Rosas 0-0: Called Strike
0-1: Ball
1-1: Foul Ball, location: 2F
1-2: Ball
2-2: Foul Ball, location: 2F
2-2: Foul Ball, location: 2F
2-2: Strikes out swinging
Batting: RHB Paco Vásquez 0-0: Ball
1-0: Fly out, F9 (Flyball, 9S)
Top of the 9th over - 0 run(s), 0 hit(s), 0 error(s), 0 left on base; Asheville 4 - Yakima 15
Friday, December 30th, 2016 - OOTP Baseball 17.12 Build 75